 Dungeon Crawl Stone Soup version 0.28.0-45-g0d030f2227 (webtiles) character file.

Game seed: 1046032633017541312

102 zeratav the Insei (level 4, -2/28 HPs)
             Began as an Octopode Transmuter on Apr 9, 2022.
             Slain by a scorpion (7 damage)
             ... on level 5 of the Dungeon.
             The game lasted 00:08:51 (3188 turns).

zeratav the Insei (Octopode Transmuter)             Turns: 3188, Time: 00:08:51

Health: -2/28      AC:  1    Str:  9    XL:     4   Next: 78%
Magic:  7/7        EV: 13    Int: 17    God:
Gold:   115        SH:  0    Dex: 12    Spells: 6/7 levels left

rFire   . . .      SeeInvis .   e - +2 whip (flame) {mace}
rCold   . . .      Faith    .   (no shield)
rNeg    . . .      Spirit   .   (helmet restricted)
rPois   .          Reflect  .   (no amulet)
rElec   .          Harm     .   (no ring)
rCorr   .          Rampage  .   (no ring)
Will    .....                   (no ring)
Stlth   +++.......              (no ring)
HPRegen 0.09/turn               (no ring)
MPRegen 0.10/turn               (no ring)
                                (no ring)
                                (no ring)

@: no status effects
A: almost no armour, amphibious, 8 rings, camouflage 1, gelatinous body 1,
(nimble swimmer 1), tentacles
a: no special abilities


You were on level 5 of the Dungeon.
You visited 1 branch of the dungeon, and saw 5 of its levels.

You collected 115 gold pieces.


Innate Abilities, Weirdness & Mutations

You cannot wear most types of armour.
You are amphibious.
You can wear up to eight rings at the same time.
Your skin changes colour to match your surroundings (Stealth+).
Your rubbery body absorbs attacks. (AC +1, EV +1)
((You are camouflaged when in or above water. (Stealth+)))
You have tentacles for arms and can constrict up to eight enemies at once.


   Skills:
 - Level 1.2 Fighting
 - Level 2.1 Dodging
 + Level 3.1 Stealth
 - Level 3.2 Unarmed Combat
 - Level 2.0 Spellcasting
 - Level 2.0 Transmutations
 * Level 3.0 Fire Magic


You had 6 spell levels left.
You knew the following spells:

 Your Spells              Type           Power      Damage    Failure   Level
a - Beastly Appendage     Tmut           16%        N/A       9%          1

Your spell library contained the following spells:

 Spells                   Type           Power      Damage    Failure   Level
 Wereblood                Tmut           8%         N/A       13%         2
 Magic Dart               Conj           4%         1d3       19%         1
 Call Imp                 Summ           1%         N/A       28%         2
 Spider Form              Tmut/Pois      5%         N/A       36%         3
 Mephitic Cloud           Conj/Pois/Air  1%         N/A       50%         3
 Ice Form                 Ice/Tmut       5%         N/A       77%         4
 Fireball                 Conj/Fire      3%         3d4       96%         5
 Starburst                Conj/Fire      3%         6d3       100%        6
 Ignition                 Fire           5%         3d4       100%        8

Inventory:

Hand Weapons
 d - a +1 dagger of venom {short}
   (You found it on level 1 of the Dungeon)
 e - a +2 whip of flaming (weapon) {mace}
   (You took it off a kobold on level 1 of the Dungeon)
Missiles
 k - 13 poisoned darts {throwing}
Wands
 j - a wand of flame (15)
   (You found it on level 3 of the Dungeon)
Scrolls
 b - 3 scrolls of teleportation {unknown}
 f - 2 scrolls of blinking {unknown}
 g - a scroll of immolation {unknown}
 h - 2 scrolls of identify {unknown}
 i - a scroll of noise {unknown}
Potions
 a - a potion of lignification {unknown}
 c - 2 potions of heal wounds {unknown}
 l - a potion of might {unknown}
 m - a potion of berserk rage {unknown}

Dungeon Overview and Level Annotations

Branches:
Dungeon (5/15)
 Temple: D:4-7

Altars:
Gozag
Trog
Yredelemnul

Shops:
D:4 (

Annotations:
D:3 Grinder

..#. #.#.
#.#.###
#.....#
#.....###
#.......
#...s.#
#...@B#
.......###
......#
#####. #


You could see a scorpion and a giant cockroach.


Message History

You hit the shadow imp. You burn the shadow imp.
You kill the shadow imp!
Your Fire Magic skill increases to level 3!
HP[+1]
k - 13 poisoned darts {throwing} (gained 3)
Found a stone staircase leading down.
You start resting.
A giant cockroach comes into view.
A black bear comes into view.
HP[+1]
A scorpion comes into view.
You hear the slow hiss of a very distant avalanche of sand.
The black bear growls angrily.
There is an open door here.
HP[+1]
You open the door. The black bear bites you.
The black bear completely misses you. The black bear claws you.
HP[-6]
You take 6 damage, and now have 18/28 hp.
MASSIVE DAMAGE!! (PAUSE)
There is an open door here.
A scorpion comes into view.
HP[+1]
The black bear closely misses you. The black bear claws you.
The black bear misses you.
HP[-1]
You take 1 damage, and now have 18/28 hp.
The giant cockroach misses you.
There is a stone staircase leading down here.
The giant cockroach misses you. The scorpion barely misses you.
You climb downwards.
There is a stone staircase leading up here.
Aiming: Throw Flame
Press: ? - help, Q - select action, (/) - cycle Shift-Dir - straight line, f - scorpion
Aim: a scorpion (68% to hit)
The puff of flame hits the scorpion but does no damage.
The giant cockroach misses you. The scorpion stings you.
The giant cockroach closely misses you.
HP[-1]
You take 1 damage, and now have 17/28 hp.
Unknown command.
Aiming: Throw Flame
Press: ? - help, Q - select action, (/) - cycle Shift-Dir - straight line, f/p - scorpion
Aim: a scorpion (68% to hit)
The puff of flame hits the scorpion but does no damage.
The scorpion stings you. The giant cockroach bites you.
* * * LOW HITPOINT WARNING * * *
HP[-4]
You take 4 damage, and now have 13/28 hp.
Aiming: Throw Flame
Press: ? - help, Q - select action, (/) - cycle Shift-Dir - straight line, f/p - scorpion
Aim: a scorpion (68% to hit)
The puff of flame hits the scorpion.
The scorpion barely misses you. The giant cockroach barely misses you.
The scorpion barely misses you.
HP[+1]
Aiming: Throw Flame
Press: ? - help, Q - select action, (/) - cycle Shift-Dir - straight line, p - scorpion The puff of flame hits the scorpion.
The giant cockroach closely misses you. The scorpion stings you.
* * * LOW HITPOINT WARNING * * *
HP[-1]
You take 1 damage, and now have 13/28 hp.
Aiming: Throw Flame
Press: ? - help, Q - select action, (/) - cycle Shift-Dir - straight line The puff of flame hits the scorpion but does no damage.
The giant cockroach barely misses you. The scorpion misses you.
Aiming: Throw Flame
Press: ? - help, Shift-Dir - straight line The puff of flame hits the scorpion.
The giant cockroach waves its antennae.
The giant cockroach completely misses you.
The scorpion closely misses you. The giant cockroach bites you.
* * * LOW HITPOINT WARNING * * *
HP[-1]
You take 1 damage, and now have 12/28 hp.
Aiming: Throw Flame
Press: ? - help, Shift-Dir - straight line, f - scorpion
Aim: a scorpion (severely wounded, 68% to hit)
The puff of flame hits the scorpion.
The scorpion stings you.
* * * LOW HITPOINT WARNING * * *
The giant cockroach completely misses you.
HP[-2]
You take 2 damage, and now have 10/28 hp.
Aiming: Throw Flame
Press: ? - help, Shift-Dir - straight line, p - scorpion The puff of flame misses the scorpion.
The scorpion misses you.
The giant cockroach waves its antennae.
The giant cockroach bites you but does no damage.
The scorpion stings you.
* * * LOW HITPOINT WARNING * * *
HP[-4]
You take 4 damage, and now have 6/28 hp.
Aiming: Throw Flame
Press: ? - help, Shift-Dir - straight line, f - scorpion
Aim: a scorpion (severely wounded, 68% to hit)
The puff of flame hits the scorpion.
The giant cockroach bites you.
* * * LOW HITPOINT WARNING * * *
The scorpion stings you!
You die...

Skill      XL: |  1  2  3  4 |
---------------+-------------+-----
Stealth        | 1 2 3 |  3.1
Fire Magic     | 1 2 3 |  3.0
Fighting       | |  1.2
Dodging        | |  2.1
Unarmed Combat | |  3.2
Spellcasting   | |  2.0
Transmutations | |  2.0

Action                   |  1- 3 |  4- 6 || total
-------------------------+-------+-------++-------
Melee: Unarmed           |    16 |       ||    16
       Kick              |     9 |     1 ||    10
       Constrict         |    17 |     6 ||    23
       Tentacles         |     7 |     4 ||    11
       Whip              |    45 |    33 ||    78
       Dagger            |     7 |       ||     7
       Punch             |       |     1 ||     1
 Cast: Beastly Appendage |    13 |     1 ||    14
Evoke: Wand              |       |     9 ||     9
 Stab: Sleeping          |     5 |     5 ||    10
Armor: Skin              |     5 |     1 ||     6
Dodge: Dodged            |    49 |    31 ||    80

Levels and vault maps discovered:
D:1:      mrwooster_arrival_statue, layout_basic
D:2:      layout_basic, basic_ecumenical_altar, minmay_hexomino_p4
D:3:      layout_basic, mainiacjoe_overflow_tiny_flanked,
          mainiacjoe_overflow_small_starburst, uniq_grinder
D:4:      layout_loops_corners, nemelex_diamond_rough_becter,
          trog_ov_bears_minmay, minmay_temple_entry_ruins,
          chequers_ossuary_entry_cave, serial_shops,
          nicolae_shop_window_shopping
D:5:      layout_loops_ring, serial_shops, nicolae_shop_behind_doors,
          minmay_joined_circles

Notes
Turn   | Place    | Note
-------+----------+-------------------------------------------
     0 | D:1      | zeratav the Octopode Transmuter began the quest for the
                  | Orb.
     0 | D:1      | Reached XP level 1. HP: 13/13 MP: 3/3
     0 | D:1      | magus.rc [v1.9.6]
    78 | D:1      | You pick up a book of Fire and begin reading...
    78 | D:1      | You add the spells Fireball, Starburst and Ignition to your
                  | library.
   218 | D:1      | Reached XP level 2. HP: 17/18 MP: 3/5
   277 | D:1      | Reached skill level 1 in Stealth
   828 | D:1      | Reached skill level 1 in Fire Magic
  1101 | D:2      | Reached XP level 3. HP: 23/23 MP: 4/6
  1145 | D:2      | Reached skill level 2 in Stealth
  1398 | D:2      | Reached skill level 2 in Fire Magic
  1567 | D:2      | Found a faded altar of an unknown god.
  1692 | D:2      | Reached XP level 4. HP: 18/28 MP: 7/7
  1972 | D:2      | You pick up a book of Minor Magic and begin reading...
  1972 | D:2      | You add the spells Magic Dart, Call Imp and Mephitic Cloud
                  | to your library.
  2108 | D:3      | Found an opulent altar of Gozag.
  2122 | D:3      | Found a basalt altar of Yredelemnul.
  2126 | D:3      | Noticed Grinder
  2805 | D:3      | Noticed a phantom
  2884 | D:3      | Reached skill level 3 in Stealth
  3057 | D:4      | Noticed a black bear
  3058 | D:4      | Found a bloodstained altar of Trog.
  3072 | D:4      | Found Ilol's Weapon Shoppe.
  3130 | D:4      | Reached skill level 3 in Fire Magic
  3144 | D:4      | Noticed a black bear
  3153 | D:4      | Noticed a scorpion
  3168 | D:4      | Noticed a scorpion
  3179 | D:5      | Entered Level 5 of the Dungeon
  3187 | D:5      | HP: 6/28 [scorpion (4)]
  3188 | D:5      | Slain by a scorpion

Vanquished Creatures
  3 adders
  A shadow imp (D:4)
  2 worms
  2 dart slugs
  An orc (D:3)
  7 ball pythons
  7 endoplasms
  4 giant cockroaches
  6 goblins
  5 hobgoblins
  3 kobolds
  A quokka (D:1)
  7 bats
  2 frilled lizards
  5 rats
56 creatures vanquished.

Table legend:
 A = Non-vault XP
 B = Vault XP
 C = Vault XP percentage of total XP
 D = Non-vault monster count
 E = Vault monster count
 F = Vault count percentage of total count
                 A         B        C        D         E       F
            +---------+---------+-------+---------+---------+-------
      Total |     131 |      16 |  10.9 |      54 |       2 |   3.6
            +---------+---------+-------+---------+---------+-------
        D:1 |      33 |       0 |   0.0 |      19 |       0 |   0.0
        D:2 |      43 |      16 |  27.1 |      19 |       2 |   9.5
        D:3 |      40 |       0 |   0.0 |      14 |       0 |   0.0
        D:4 |      15 |       0 |   0.0 |       2 |       0 |   0.0
            +---------+---------+-------+---------+---------+-------

Illustrated notes

Table legend:
 A = Kills in this place as a percentage of kills in entire the game.
 B = Kills by you in this place as a percentage of kills by you in the entire game.
 C = Kills by friends in this place as a percentage of kills by friends in the entire game.
 D = Other kills in this place as a percentage of other kills in the entire game.
 E = Experience gained in this place as a percentage of experience gained in the entire game.
 F = Experience gained in this place divided by the number of levels of this place that you have seen.
                   A       B       C       D       E      F
               +-------+-------+-------+-------+-------+----------------------
         Total | 100.0 | 100.0 |   N/A |   N/A | 100.0 |  29.4
       Dungeon | 100.0 | 100.0 |   N/A |   N/A | 100.0 |  29.4
               +-------+-------+-------+-------+-------+----------------------

Table legend: (Time is in decaauts)
 A = Elapsed time spent in this place.
 B = Non-inter-level travel time spent in this place.
 C = Inter-level travel time spent in this place.
 D = Time resting spent in this place.
 E = Time spent auto-exploring this place.
 F = Levels seen in this place.
 G = Mean time per level.
                   A        B        C        D        E       F      G
               +--------+--------+--------+--------+--------+-----+--------+
         Total |   3192 |   2838 |    354 |    828 |    903 |   5 |  638.4 |
       Dungeon |   3192 |   2838 |    354 |    828 |    903 |   5 |  638.4 |
               +--------+--------+--------+--------+--------+-----+--------+

Top non-repeatable levels by time:
     D:1: 1090 daAuts
     D:2: 1018 daAuts
     D:3: 898 daAuts
     D:4: 176 daAuts
     D:5: 8 daAuts
